 Dungeon Crawl Stone Soup version 0.19-a0-790-ge39e1af (console) character file.

159 brucemayne the Shield-Bearer (level 5, -4/60 HPs)
             Began as a Vampire Berserker on June 26, 2016.
             Was a Follower of Trog.
             Slain by Menkaure (9 damage)
             ... on level 6 of the Dungeon.
             The game lasted 00:04:42 (907 turns).

brucemayne the Shield-Bearer (Vampire Berserker)     Turns: 907, Time: 00:04:43

Health: -4/60      AC: 10    Str: 22    XL:     5   Next: 17%
Magic:  5/5        EV:  8    Int: 10    God:    Trog [*.....]
Gold:   24         SH:  5    Dex: 13    Spells: 0 memorised, 4 levels left

rFire  + . .     SeeInvis +     a - +0 hand axe
rCold  . . .     Gourm    .     g - +0 chain mail (curse)
rNeg   + . .     Faith    .     j - +0 buckler
rPois  .         Spirit   .     m - +1 helmet
rElec  .         Dismiss  .     (no cloak)
rCorr  .         Reflect  .     (no gloves)
SustAt .         Harm     .     (no boots)
MR     .....                    (no amulet)
Stlth  ..........               (no ring)
                                f - ring of protection from fire

@: berserking, very quick, not resistant to hostile enchantments, extremely
unstealthy
A: fangs 3, see invisible, unbreathing
a: Bat Form, Berserk, Burn Spellbooks, Renounce Religion


You were on level 6 of the Dungeon.
You worshipped Trog.
Trog was aware of your devotion.
You were not thirsty.

You visited 2 branches of the dungeon, and saw 8 of its levels.

You collected 24 gold pieces.

Inventory:

Hand Weapons
 a - a +0 hand axe (weapon)
Armour
 b - a +0 animal skin
 d - a +0 leather armour
 g - a cursed +0 chain mail (worn)
 j - a +0 buckler (worn)
 m - a +1 helmet (worn)
 n - a +0 plate armour
Jewellery
 f - a ring of protection from fire (left hand)
Scrolls
 e - 2 scrolls of immolation
 i - 2 scrolls of identify


   Skills:
 - Level 2.9 Fighting
 - Level 3.0 Axes
 - Level 1.7 Armour
 - Level 2.1 Dodging
 + Level 4.0 Shields


You had 4 spell levels left.
You didn't know any spells.

Dungeon Overview and Level Annotations

Branches:
Dungeon (7/15)             Temple (1/1) D:6

Altars:
Ashenzari
Cheibriados
Dithmenos
Elyvilon
Fedhas
Gozag
Hepliaklqana
Makhleb
Nemelex Xobeh
Okawaru
Pakellas
Ru
Trog
Uskayaw
Vehumet
Xom
Yredelemnul
The Shining One

Annotations:
D:6 Menkaure


Innate Abilities, Weirdness & Mutations

You have razor-sharp teeth.
You have supernaturally acute eyesight. (SInv)
You can survive without breathing.


Message History

An orc priest comes into view. It is wielding a flail.
An orc comes into view. It is wielding a staff of poison.
The orc shouts!
Menkaure hits you!!
* * * LOW HITPOINT WARNING * * *
You aren't carrying any potions.
A red film seems to cover your vision as you go berserk!
You feel yourself moving faster!
You feel mighty!
You feel somewhat more thirsty.
Menkaure gestures wildly while chanting.
Menkaure seems to speed up.
An orc warrior comes into view. It is wielding a flail.
The orc warrior shouts!
You slash Menkaure!
Menkaure is moderately damaged.
You slash the orc!
You kill the orc!
Trog accepts your kill. Menkaure hits you!
You die...

..#...........##
#.......#####
..#...........# #.......#
###...........####.......#
...###..................#
....# ######............#
..... ####.............#
..... ..........###....#
..... ..........# ....#
....## .......@).# ....#
####...M..# ....# #.$...o#
..# ..........
#.......(.o.o
#............#
#......##...... .......
......


You could see an orc warrior, Menkaure, an orc priest and an orc.

Vanquished Creatures
  An ogre (D:7)
  2 worker ants (D:4)
  A shadow imp (D:5)
  A dart slug (D:1)
  4 orcs
  2 goblins
  3 hobgoblins
  A giant gecko skeleton (D:5)
  2 giant newts (D:3)
17 creatures vanquished.

Notes
Turn   | Place    | Note
--------------------------------------------------------------
     0 | D:1      | brucemayne the Vampire Berserker began the quest for the Orb.
     0 | D:1      | Reached XP level 1. HP: 17/17 MP: 1/1
   212 | D:3      | Reached XP level 2. HP: 23/23 MP: 2/2
   312 | D:3      | Found a basalt altar of Yredelemnul.
   312 | D:3      | Found a shadowy altar of Dithmenos.
   403 | D:4      | Reached skill level 1 in Shields
   403 | D:4      | Reached XP level 3. HP: 28/28 MP: 3/3
   451 | D:4      | Reached skill level 2 in Shields
   556 | D:4      | Noticed a killer bee
   556 | D:4      | Noticed a killer bee
   557 | D:4      | Noticed a killer bee
   557 | D:4      | Noticed a killer bee
   568 | D:5      | Entered Level 5 of the Dungeon
   639 | D:6      | Found a staircase to the Ecumenical Temple.
   642 | Temple   | Entered the Ecumenical Temple
   812 | D:6      | Reached XP level 4. HP: 34/34 MP: 4/4
   851 | D:7      | Noticed an ogre
   854 | D:7      | Noticed a centaur
   856 | D:7      | Killed an ogre
   856 | D:7      | Reached skill level 4 in Shields
   856 | D:7      | Reached XP level 5. HP: 29/40 MP: 5/5
   901 | D:6      | Noticed Menkaure
   906 | D:6      | Noticed an orc warrior
   907 | D:6      | Slain by Menkaure

Vault maps used:
D:1:      dpeg_cavernosity
D:2:      minmay_misc_feat_encased, minivault_4, solitary_fountain,
          minmay_goblin_kobold_house
D:3:      gammafunk_temple_overflow_elements, uniq_iyjb, uniq_jessica
D:4:      gammafunk_temple_overflow_wave, uniq_pikel
D:5:      first_bread
D:6:      grunt_dithmenos_shadows, uniq_grinder, uniq_prince_ribbit1,
          uniq_menkaure
D:7:      minmay_small_thing
Temple:   eino_narrow_crystal_temple

Skill      XL: |  1  2  3  4 |
---------------+-------------+-----
Axes           | 3 |  3.0
Shields        | 1 2 4 |  4.0
Fighting       | |  2.9
Armour         | |  1.7
Dodging        | |  2.1

Action                   |  1- 3 |  4- 6 || total
-------------------------+-------+-------++-------
Melee: Hand axe          |    46 |     7 ||    53
       Bite              |     7 |       ||     7
Invok: Berserk           |     2 |     2 ||     4
  Use: Scroll            |     4 |       ||     4
       Potion            |     3 |     2 ||     5
Armor: Chain mail        |    16 |       ||    16
Dodge: Dodged            |    28 |     1 ||    29
Block: Buckler           |     8 |     1 ||     9
